 Dungeon Crawl Stone Soup version 0.31-a0-1002-g8e65716e6e (webtiles) character file.

Game seed: 8405340035702858797

91 Revguard the Chopper (level 4, 0/51 HPs)
             Began as a Demonspawn Gladiator on Nov 9, 2023.
             Succumbed to an adder's poison
             ... on level 3 of the Dungeon.
             The game lasted 00:03:16 (1415 turns).

Revguard the Chopper (Demonspawn Gladiator)         Turns: 1415, Time: 00:03:17

Health: 0/51       AC: 22    Str: 17    XL:     4   Next: 33%
Magic:  5/5        EV:  2    Int:  9    God:
Gold:   136        SH:  0    Dex: 14    Spells: 3/3 levels left

rFire   . . .        a - +0 war axe
rCold   . . .        (no shield)
rNeg    . . .        f - melded +0 chain mail
rPois   +            c - melded +0 helmet
rElec   .            (cloak currently unavailable)
rCorr   .            (gloves currently unavailable)
SInv    .            (boots currently unavailable)
Will    .....        (no amulet)
Stlth   +            (no ring)
HPRegen 0.28/turn    (no ring)
MPRegen 0.09/turn

%: no passive effects
@: mighty, brilliant, lethally poisoned (0 -> -1), tree-form, attractive,
hasted, very quick
A: stationary, stasis, torment immunity, boosted hp, powered by pain 1
a: no special abilities


You were on level 3 of the Dungeon.
You were a tree.
You visited 1 branch of the dungeon, and saw 3 of its levels.

You collected 136 gold pieces.

Inventory:

Hand Weapons
 a - a +0 war axe (weapon)
Missiles
 d - 3 throwing nets (quivered)
 e - a javelin
Armour
 b - a +0 leather armour
 c - a +0 helmet (melded)
 f - a +0 chain mail (melded)
Jewellery
 k - a ring of positive energy
Scrolls
 h - a scroll of immolation {unknown}
 i - a scroll of teleportation {unknown}
 j - a scroll of identify {unknown}
 p - a scroll of amnesia {unknown}
 q - a scroll of revelation {unknown}
Potions
 m - a potion of haste
 r - 2 potions of brilliance


   Skills:
 * Level 2.8 Fighting
 * Level 3.2 Axes
 + Level 2.1 Throwing
 + Level 0.8 Armour
 + Level 3.0 Dodging
 + Level 1.5 Invocations
 + Level 1.0 Evocations


You had 3 spell levels left.
You didn't know any spells.
Your spell library was empty.

Dungeon Overview and Level Annotations

Branches:
Dungeon (3/15)

Altars:


Innate Abilities, Weirdness & Mutations

You are a tree.
Your roots penetrate the ground, keeping you stationary.
You cannot be teleported.
You are immune to unholy pain and torment.
Your maximum health is greatly increased.
Your equipment is partially melded.
You sometimes gain a little power by taking damage.


Message History

The adder bites you but does no damage.
You miss the adder.
The adder is heavily wounded.
You hit the bat.
You kill the bat!
You feel sick. The adder bites you but does no damage.
The adder barely misses you.
You completely miss the adder.
The adder is heavily wounded.
You feel sick. The adder bites you.
* * * LOW HITPOINT WARNING * * *
You are lethally poisoned!
The adder poisons you! The adder bites you but does no damage.
It was a potion of haste.
You feel yourself speed up.
* * * LOW HITPOINT WARNING * * *
You feel sick. The adder bites you but does no damage.
It was a potion of brilliance.
You feel clever all of a sudden.
* * * LOW HITPOINT WARNING * * *
You feel sick. The adder bites you but does no damage.
It was a potion of might.
You feel very mighty all of a sudden. The adder bites you but does no damage.
It was a potion of lignification.
You turn into a tree.
Your +0 helmet melds into your body.
Your +0 chain mail melds into your body.
Your roots penetrate the ground.
* * * LOW HITPOINT WARNING * * *
You feel sick. The adder bites you but does no damage.
It was a potion of attraction.
You feel attractive to monsters.
* * * LOW HITPOINT WARNING * * *
You feel sick.
You slash the adder!
You kill the adder!
* * * LOW HITPOINT WARNING * * *
You feel sick.
As you read the scroll labelled GUGAUD YPOMA, it dissolves into smoke.
It was a scroll of fog.
You die...

#.#..#
#......##.#
#.#..#
##......#.#
#.#..#
#.####.#.# #
#.#..#
#.#......#.# .
..#..#
#.#.##.###.##..
.....#
#.#.##.#.......
...
#.#.##.+§§.....
#.#.####§......
#.#..§§♣§§...$.
######§§.....
....... #......
...... ##....
.... ##.


There were no monsters in sight!

Vanquished Creatures
  5 adders
  2 dart slugs
  5 bats
  4 endoplasms
  4 giant cockroaches
  4 goblins
  2 hobgoblins
  2 kobolds (D:2)
  A quokka (D:1)
  6 ball pythons
  2 frilled lizards
  6 rats
43 creatures vanquished.

Notes
Turn   | Place    | Note
-------+----------+-------------------------------------------
     0 | D:1      | Revguard the Demonspawn Gladiator began the quest for the
                  | Orb.
     0 | D:1      | Reached XP level 1. HP: 16/16 MP: 1/1
   130 | D:1      | Gained mutation: You sometimes gain a little power by
                  | taking damage. [demonic ancestry]
   130 | D:1      | Reached XP level 2. HP: 11/22 MP: 2/2
   604 | D:2      | Reached skill level 1 in Invocations
   628 | D:2      | Reached XP level 3. HP: 28/28 MP: 3/3
  1254 | D:3      | Reached XP level 4. HP: 23/34 MP: 5/5
  1338 | D:3      | Reached skill level 1 in Evocations
  1412 | D:3      | HP: 2/51 [poisoned by an adder]
  1415 | D:3      | Succumbed to an adder's poison

Illustrated notes

Levels and vault maps discovered:
D:1:      evilmike_arrival_plus, layout_rooms
D:2:      layout_loops_ring, minmay_heptomino_w4
D:3:      layout_basic, serial_shops, nicolae_shop_real_fake_doors,
          minmay_liquid_box, serial_park_tiny_1

Skill      XL: |  1  2  3  4 |
---------------+-------------+-----
Throwing       | 2 |  2.1
Invocations    | 1 |  1.5
Axes           | 3 |  3.2
Evocations     | 1 |  1.0
Dodging        | 3 |  3.0
Fighting       | |  2.8
Armour         | |  0.8

Action                     |  1- 3 |  4- 6 || total
---------------------------+-------+-------++-------
  Melee: War axe           |   107 |    20 ||   127
         Punch             |     2 |     1 ||     3
    Use: Potion            |       |     5 ||     5
         Scroll            |       |     1 ||     1
 Armour: Chain mail        |   123 |    25 ||   148
         Skin              |       |     1 ||     1
  Dodge: Dodged            |    69 |     9 ||    78

Table legend: (Time is in decaauts)
 A = Elapsed time spent in this place.
 B = Non-inter-level travel time spent in this place.
 C = Inter-level travel time spent in this place.
 D = Time resting spent in this place.
 E = Time spent auto-exploring this place.
 F = Levels seen in this place.
 G = Mean time per level.
                   A        B        C        D        E       F      G
               +--------+--------+--------+--------+--------+-----+--------+
         Total |   1457 |   1374 |     83 |      0 |   1004 |   3 |  485.7 |
       Dungeon |   1457 |   1374 |     83 |      0 |   1004 |   3 |  485.7 |
               +--------+--------+--------+--------+--------+-----+--------+

Top non-repeatable levels by time:
     D:2: 709 daAuts
     D:1: 552 daAuts
     D:3: 194 daAuts
